 Dungeon Crawl Stone Soup version 0.15-a0-756-g319e367 (webtiles) character file.

21 Bloax the Insei (level 2, -2/24 HPs)
             Began as a Mummy Monk on May 11, 2014.
             Slain by a hobgoblin (3 damage)
             ... on Level 1 of the Dungeon.
             The game lasted 00:01:53 (1006 turns).

Bloax the Insei (Mummy Monk)                        Turns: 1006, Time: 00:01:53

HP  -2/24        AC  2     Str 14      XL: 2   Next: 62%
MP   2/2         EV 13     Int  9      God:
Gold 9           SH  0     Dex 14      Spells:  0 memorised,  1 level left

rFire  x . .     SeeInvis .       - Unarmed
rCold  + . .     Clarity  .     c - +0 robe
rNeg   + + +     Conserve .     (no shield)
rPois  +         rCorr    .     (no helmet)
rElec  .         rRot     +     (no cloak)
SustAb . .       Spirit   .     (no gloves)
rMut   .         Warding  .     (no boots)
Gourm  .         Stasis   .     (no amulet)
MR     .....                    (no ring)
                                (no ring)

@: bribing [], not resistant to hostile enchantments, unstealthy
A: no food or potions, fire vulnerability, restore body, cold resistance 1, life
protection 3, poison resistance, torment resistance, unbreathing
a: no special abilities


You were on level 1 of the Dungeon.
You were not hungry.

You visited 1 branch of the dungeon, and saw 1 of its levels.

You collected 9 gold pieces.


Innate Abilities, Weirdness & Mutations

You do not eat or drink.
Your flesh is vulnerable to fire.
Your flesh is cold resistant.
You are immune to negative energy.
Your system is resistant to poisons.
You are immune to unholy pain and torment.
You can survive without breathing.


   Skills:
 - Level 3.0 Fighting
 + Level 2.5 Dodging
 - Level 1.5 Stealth
 * Level 3.8 Unarmed Combat


You had one spell level left.
You didn't know any spells.

Dungeon Overview and Level Annotations

Branches:
Dungeon (1/15)

Altars:

Inventory:

Armour
 c - a +0 robe (worn)
   (You found it on level 1 of the Dungeon)
Scrolls
 b - a scroll of random uselessness {unknown}

#.# ## #.# ..## #.#
..+.)..# #.#### #.#....#
#..[.# #.#....#
#....######.#....#
#............$...#
#....######.#....#
#.......%.#.###..########
#.....###...@g...........#
#%.%.%# ###.####......gs.#
#.....# #.# #..........
#.....#####.# #..........h
##.......##.# #....!....g
#.......##.# #.........g
#.......##.####.##......
#............##.# .....
#.......##.#.##.# ....


You could see a hobgoblin.


Message History

The jackal bites you.
* * * LOW HITPOINT WARNING * * *
The jackal misses you.
You closely miss the jackal.
The jackal is lightly wounded.
The jackal bites you.
* * * LOW HITPOINT WARNING * * *
You hit the jackal.
The jackal is almost dead.
The jackal bites you.
* * * LOW HITPOINT WARNING * * *
The jackal bites you but does no damage.
You closely miss the jackal.
The jackal is almost dead.
The jackal bites you.
* * * LOW HITPOINT WARNING * * *
You barely miss the jackal.
The jackal is almost dead.
The jackal closely misses you.
You hit the jackal.
You kill the jackal!
The bat completely misses you.
You miss the bat. The bat closely misses you. The bat closely misses you.
You hit the bat.
The bat is moderately wounded.
The bat hits you but does no damage.
You closely miss the bat.
The bat is moderately wounded.
The bat hits you.
* * * LOW HITPOINT WARNING * * *
The bat misses you.
You hit the bat.
You kill the bat!
You barely miss the giant cockroach. The giant cockroach barely misses you.
You hit the giant cockroach but do no damage.
The giant cockroach bites you but does no damage.
You hit the giant cockroach but do no damage.
The giant cockroach misses you.
You hit the giant cockroach but do no damage.
The giant cockroach closely misses you.
You hit the giant cockroach.
The giant cockroach is lightly wounded.
The giant cockroach barely misses you.
You hit the giant cockroach.
The giant cockroach is heavily wounded.
The giant cockroach bites you.
* * * LOW HITPOINT WARNING * * *
You hit the giant cockroach but do no damage.
The giant cockroach is heavily wounded.
The giant cockroach closely misses you. The giant cockroach barely misses you.
You hit the giant cockroach.
The giant cockroach is severely wounded.
The giant cockroach bites you.
* * * LOW HITPOINT WARNING * * *
You hit the giant cockroach.
You kill the giant cockroach!
You barely miss the hobgoblin. The hobgoblin completely misses you.
You hit the hobgoblin.
The hobgoblin is almost dead.
The hobgoblin misses you.
You hit the hobgoblin but do no damage.
The hobgoblin is almost dead.
The hobgoblin closely misses you.
You hit the hobgoblin but do no damage.
The hobgoblin is almost dead.
The hobgoblin hits you but does no damage.
You closely miss the hobgoblin.
The hobgoblin is almost dead.
The hobgoblin hits you.
You die...

Action                   || total
-------------------------++-------
Melee: Unarmed           ||    99

Vault maps used:
D:1:      scummos_arrival_star

Notes
Turn   | Place    | Note
--------------------------------------------------------------
     0 | D:1      | Bloax, the Mummy Monk, began the quest for the Orb.
     0 | D:1      | Reached XP level 1. HP: 18/18 MP: 1/1
    19 | D:1      | HP: 3/18 [hobgoblin/club (6)]
   358 | D:1      | HP: 2/18 [hobgoblin (4)]
   678 | D:1      | HP: 4/18 [hobgoblin (3)]
   708 | D:1      | Reached XP level 2. HP: 6/24 MP: 2/2
   985 | D:1      | HP: 5/24 [jackal (3)]
   991 | D:1      | HP: 3/24 [bat (1)]
   998 | D:1      | HP: 3/24 [giant cockroach (1)]
  1000 | D:1      | HP: 1/24 [giant cockroach (2)]
  1006 | D:1      | Slain by a hobgoblin

Vanquished Creatures
  A giant cockroach (D:1)
  4 hobgoblins (D:1)
  3 jackals (D:1)
  A ball python (D:1)
  6 bats (D:1)
  A kobold (D:1)
  4 rats (D:1)
20 creatures vanquished.
